Map: Lerilak Crest

Players

Cauchy - Winner!

  • Race: Terran Terran
  • League: Gold

capac

  • Race: Terran Terran
  • League: Gold

VOD

Have the link to the VOD?

Description

Time

  • Played on: Feb. 26, 2016, 3:52 p.m.
  • Length: 9:56
Show
View Real Time Build Order
Export as new Build Order

Cauchy Terran - Winner!

Build Orders: Mech 

Get SALT Encoding   

  12  0:01  SCV  
  13  0:13  SCV  
  14  0:23  Supply Depot  
  14  0:25  SCV  
  15  0:45  SCV  
  15  0:46  Barracks  
  16  0:51  Refinery  
  16  0:57  SCV  
  17  1:09  SCV  
  18  1:21  SCV  
  19  1:33  Marine  
  19  1:39  Supply Depot  
  20  1:43  Command Center  
  20  1:46  SCV  
  21  1:59  Marine  
  22  2:26  Bunker  
  22  2:29  Factory  
  22  2:30  SCV  
  22  2:34  Refinery  
  23  2:38  Marine  
  23  2:42  SCV  
  25  2:47  Supply Depot  
  25  2:54  SCV  
  25  2:57  SCV  
  27  3:02  Marine  
  28  3:11  Factory  
  28  3:12  Orbital Command  
  28  3:15  Orbital Command  
  28  3:20  Factory Tech Lab  
  28  3:22  Barracks Reactor  
  28  3:38  Refinery  
  28  3:41  Refinery, SCV  
  28  3:42  SCV  
  28  3:46  Siege Tank  
  33  3:54  Starport  
  33  4:07  SCV x2  
  35  4:12  Factory  
  35  4:14  Factory Tech Lab  
  35  4:19  SCV x2  
  37  4:33  SCV x2  
  39  4:46  Engineering Bay  
  39  4:47  SCV  
  39  4:48  Barracks Reactor, SCV  
  41  4:57  Siege Tank x2  
  47  5:01  Widow Mine  
  47  5:04  Viking  
  47  5:06  Viking  
  53  5:08  SCV  
  54  5:19  SCV  
  54  5:20  Supply Depot  
  55  5:24  Supply Depot  
  55  5:30  Missile Turret  
  55  5:35  Missile Turret  
  55  5:50  Viking x2  
  59  6:03  Barracks Reactor  
  59  6:04  Supply Depot  
  59  6:05  SCV x2  
  59  6:07  Supply Depot  
  61  6:12  Liberator x2  
  61  6:16  Siege Tank  
  64  6:19  Siege Tank  
  67  6:32  Hellion  
  75  6:36  Hellion  
  77  6:40  SCV  
  77  6:41  SCV  
  79  6:48  Armory  
  79  6:51  Siege Tank  
  82  6:54  Siege Tank  
  80  7:16  Hellion x2  
  82  7:25  Viking x2  
  82  7:29  Siege Tank x2  
  94  7:37  Hellion  
  94  7:38  Supply Depot  
  94  7:40  Terran Vehicle Weapons Level 1  
  94  8:00  Hellion  
  94  8:03  Command Center  
  96  8:15  Siege Tank x2  
  102  8:35  Hellion x2, Medivac x2  
  102  8:40  Supply Depot  
  110  8:43  Supply Depot  
  108  8:50  Liberator x2  
Show
View Real Time Build Order
Export as new Build Order

capac Terran 

Build Orders: MMM Bio 

Get SALT Encoding   

  12  0:03  SCV  
  13  0:18  Supply Depot  
  13  0:22  SCV  
  14  0:34  SCV  
  15  0:42  Barracks  
  15  0:46  SCV  
  16  0:52  Refinery  
  16  0:58  SCV  
  17  1:10  SCV  
  18  1:13  Supply Depot  
  18  1:25  SCV  
  19  1:39  SCV  
  20  1:42  Barracks Reactor  
  20  1:54  SCV  
  20  1:56  Command Center  
  21  2:14  Orbital Command  
  20  2:24  Barracks, Marine x2  
  22  2:34  Refinery  
  22  2:41  SCV  
  22  2:43  Marine x2  
  25  2:53  SCV  
  26  3:01  Marine x2  
  28  3:06  Factory  
  28  3:18  Barracks Tech Lab  
  28  3:22  Barracks, SCV  
  29  3:29  Engineering Bay  
  29  3:31  Marine x2  
  31  3:36  SCV  
  31  3:41  Orbital Command  
  32  3:48  Stimpack  
  32  3:50  Marine  
  33  3:59  Marine x2  
  35  4:04  SCV  
  36  4:14  Starport, Factory Reactor  
  36  4:17  Marine  
  36  4:22  SCV  
  36  4:23  SCV  
  39  4:25  Marine  
  39  4:30  Barracks Reactor  
  40  4:36  Supply Depot  
  40  4:37  SCV  
  41  4:44  SCV  
  42  4:47  Marine x3  
  42  4:50  SCV  
  46  5:10  Marine x3  
  46  5:11  Marine  
  46  5:12  Marine  
  46  5:14  Medivac  
  53  5:20  Supply Depot  
  53  5:21  Supply Depot, Medivac  
  55  5:23  SCV x2  
  55  5:28  Marine x2  
  58  5:30  Factory Tech Lab  
  58  5:33  Terran Infantry Weapons Level 1  
  59  5:36  Marine x2  
  61  5:44  Refinery  
  61  5:48  Medivac  
  61  5:49  Combat Shields  
  63  5:54  Siege Tank  
  66  5:57  Medivac  
  68  6:07  SCV  
  68  6:08  SCV  
  70  6:11  Supply Depot  
  70  6:18  Marine x3  
  70  6:19  Marine x2, SCV  
  70  6:20  SCV  
  77  6:37  Liberator  
  77  6:47  Marine x4  
  77  6:48  Siege Tank  
  77  6:50  SCV x2  
  64  7:08  Marine x5  
  59  7:18  Supply Depot  
  59  7:20  Siege Tank  
  62  7:26  Marine x5  
  62  7:27  Missile Turret  
  67  7:30  SCV x2  
  69  7:43  Marine  
  69  7:44  Marine x4, SCV x2  
  70  7:47  Refinery  
  76  7:51  Missile Turret  
  76  7:54  Supply Depot  
  76  7:59  SCV  
  76  8:00  Barracks, SCV  
  78  8:09  Medivac x2  
  82  8:22  Marine x2  
  82  8:23  Marine  
  82  8:25  Supply Depot  
  82  8:26  Marine x2  
  87  8:28  Missile Turret  
  87  8:33  SCV x2  
  89  8:40  Marine  
  89  8:41  Marine x2  
  91  8:44  Marine  
  81  9:05  Marine  
  81  9:06  Marine x4  
  81  9:08  Siege Tank  
Tags
 
Composition
MMM BioMech
League
GoldGold
Matchup
TvT
Race
Terran
Add a new tag
Caveats
  • Supply blocks, unpowered buildings, or Contaminate may cause inaccurate times.
  • Supply counts are checked every 10 seconds.